 Dungeon Crawl Stone Soup version 0.26-a0-1213-gd52f5182fe (webtiles) character file.

Game seed: 11324942801799358755

120751 sahdkjhfkaj the Severer (level 16, 0/137 HPs)
             Began as a Hill Orc Transmuter on Dec 30, 2020.
             Was the Champion of Okawaru.
             Killed from afar by a shock serpent (28 damage)
             ... with a bolt of electricity
             ... on level 1 of the Snake Pit.
             The game lasted 00:59:50 (43968 turns).

sahdkjhfkaj the Severer (Hill Orc Transmuter)      Turns: 43968, Time: 00:59:50

Health: 0/137      AC: 24    Str: 23    XL:     16   Next: 83%
Magic:  25/25      EV:  9    Int: 16    God:    Okawaru [******]
Gold:   1876       SH: 12    Dex: 15    Spells: 9/18 levels left

rFire    . . .     SeeInvis +   a - +8 broad axe "Cysch" {flame, rC+}
rCold    + . .     Faith    +   T - +0 kite shield {AC+3}
rNeg     . . .     Spirit   .   I - +1 chain mail of Supple Strength {*Drain Will+++ Dex+4 Stlth+}
rPois    +         Reflect  .   J - +2 helmet {SInv}
rElec    .         Harm     .   m - scarf {repulsion}
rCorr    .         Rampage  .   k - +0 pair of gloves
Will     ++++.                  O - +2 pair of boots {run}
Stlth    ..........             D - amulet of faith
HPRegen  0.32/turn              E - +6 ring of strength
MPRegen  0.19/turn              L - ring of poison resistance

@: constricted, repel missiles, quick
A: no striking features
a: Renounce Religion, Heroism, Finesse


You were on level 1 of the Snake Pit.
You worshipped Okawaru.
Okawaru was exalted by your worship.
You visited 5 branches of the dungeon, and saw 26 of its levels.
You also visited: Bailey.

You collected 2476 gold pieces.
You spent 600 gold pieces at shops.

Inventory:

Hand Weapons
 a - the +8 broad axe "Cysch" (weapon) {flame, rC+}
   (Okawaru gifted it to you on level 2 of the Orcish Mines)

   It has been specially enchanted to burn those struck by it, causing extra
   injury to most foes and up to half again as much damage against particularly
   susceptible opponents.
   Big, fiery blades are also staple armaments of hydra-hunters.
   It protects you from cold.
Missiles
 K - 15 silver javelins
 R - 13 boomerangs of dispersal
 W - 41 boomerangs (quivered)
Armour
 k - a +0 pair of gloves (worn)
 m - a scarf of repulsion (worn)
 I - the +1 chain mail of Supple Strength (worn) {*Drain Will+++ Dex+4 Stlth+}
   (You found it on level 8 of the Dungeon)

   It affects your dexterity (+4).
   It affects your willpower, your defense against some magical effects.
   It causes draining when unequipped.
   It makes you more stealthy.
 J - a +2 helmet of see invisible (worn)
 O - a +2 pair of boots of running (worn)
 T - a +0 kite shield of protection (worn)
Jewellery
 q - a cursed amulet of inaccuracy {unknown}
 D - an amulet of faith (around neck)
 E - a +6 ring of strength (left hand)
 L - a ring of poison resistance (right hand)
 M - an uncursed amulet of regeneration {unknown}
 S - an uncursed amulet of guardian spirit {unknown}
Wands
 v - a wand of disintegration (10)
 w - a wand of random effects (18)
 y - a wand of flame (28)
 N - a wand of acid (13)
Scrolls
 d - 8 scrolls of enchant armour
 e - 8 scrolls of enchant weapon
 g - 7 scrolls of teleportation {!r}
 j - 7 scrolls of blinking
 l - a scroll of immolation
 o - 9 scrolls of remove curse
 r - 2 scrolls of summoning {!r}
 t - 3 scrolls of fog
 u - 8 scrolls of amnesia
 Q - a scroll of torment
 U - 2 scrolls of magic mapping
 V - 3 scrolls of holy word
 X - 2 scrolls of fear
Potions
 c - a potion of berserk rage
 h - 3 potions of magic
 i - 2 potions of haste
 n - 8 potions of curing
 p - 6 potions of cancellation
 s - 5 potions of might
 z - 3 potions of lignification
 A - 6 potions of ambrosia
 B - 4 potions of mutation
 C - 2 potions of heal wounds
 F - a potion of invisibility
 G - 2 potions of flight
 H - a potion of resistance
Miscellaneous
 b - a tin of tremorstones (2/2)
 P - a condenser vane


   Skills:
 - Level 11.0 Fighting
 + Level 20.4 Axes
 - Level 4.0 Throwing
 - Level 11.0 Armour
 - Level 8.0 Dodging
 - Level 10.0 Shields
 - Level 3.2 Unarmed Combat
 - Level 1.5 Spellcasting
 - Level 3.0 Transmutations
 - Level 12.0 Invocations
 - Level 12.0 Evocations


You had 9 spell levels left.
You knew the following spells:

 Your Spells              Type           Power        Failure   Level
a - Borgnjor's Vile Clut  Necr/Erth      0%           100%        5
b - Beastly Appendage     Tmut           20%          54%         1
e - Apportation           Tloc           2%           92%         1
g - Wereblood             Tmut           10%          69%         2

Your spell library contained the following spells:

 Spells                   Type           Power        Failure   Level
 Animate Skeleton         Necr           2%           92%         1
 Corona                   Hex            1%           92%         1
 Foxfire                  Conj/Fire      4%           92%         1
 Magic Dart               Conj           4%           92%         1
 Summon Small Mammal      Summ           4%           92%         1
 Blink                    Tloc           N/A          98%         2
 Call Imp                 Summ           1%           98%         2
 Slow                     Hex            1%           98%         2
 Spider Form              Tmut/Pois      3%           98%         3
 Confusing Touch          Hex            1%           100%        3
 Conjure Flame            Conj/Fire      1%           100%        3
 Gell's Gravitas          Tloc           0%           100%        3
 Inner Flame              Hex/Fire       1%           100%        3
 Lesser Beckoning         Tloc           0%           100%        3
 Mephitic Cloud           Conj/Pois/Air  1%           100%        3
 Tukima's Dance           Hex            1%           100%        3
 Animate Dead             Necr           0%           100%        4
 Ice Form                 Ice/Tmut       6%           100%        4
 Leda's Liquefaction      Hex/Erth       0%           100%        4
 Passage of Golubria      Tloc           N/A          100%        4
 Petrify                  Tmut/Erth      6%           100%        4
 Sticky Flame             Conj/Fire      1%           100%        4
 Alistair's Intoxication  Tmut/Pois      4%           100%        5
 Blade Hands              Tmut           5%           100%        5
 Bolt of Magma            Conj/Fire/Erth 0%           100%        5
 Fireball                 Conj/Fire      0%           100%        5
 Metabolic Englaciation   Hex/Ice        0%           100%        5
 Summon Forest            Summ/Tloc      0%           100%        5
 Yara's Violent Unravell  Hex/Tmut       3%           100%        5
 Death Channel            Necr           0%           100%        6
 Invisibility             Hex            1%           100%        6
 Iron Shot                Conj/Erth      0%           100%        6
 Simulacrum               Ice/Necr       0%           100%        6
 Statue Form              Tmut/Erth      4%           100%        6
 Shatter                  Erth           0%           100%        9


Dungeon Overview and Level Annotations

Branches:
Dungeon (15/15)            Temple (1/1) D:7            Lair (6/6) D:9
 Shoals (0/4) Lair:3        Snake (2/4) Lair:4        Slime (0/5) Lair:6
    Orc (2/2) D:9             Elf (0/3) Orc:2        Vaults (0/5) D:13
 Depths (0/5) D:15         Bailey (visited)

Altars:
Ashenzari
Cheibriados
Dithmenos
Elyvilon
Fedhas
Gozag
Hepliaklqana
Kikubaaqudgha
Makhleb
Nemelex Xobeh
Okawaru
Qazlal
Ru
Sif Muna
Trog
Uskayaw
Vehumet
Wu Jian
Xom
Yredelemnul
Zin
The Shining One
Beogh
Jiyva

Shops:
D:8 }   D:10 [   D:14 =   D:15 *   Orc:2 :(!}?

Annotations:
Lair:5 exclusion: 4 oklob plants


Message History

The naga mage is lightly wounded.
You miss the shock serpent. The naga mage spits poison at you.
You block the splash of poison. The naga mage constricts you.
The shock serpent shoots out a bolt of lightning at you!
The bolt of electricity hits you!! x2
* * * LOW HITPOINT WARNING * * *
The bolt of electricity hits the shock serpent.
The shock serpent completely resists.
You hit the shock serpent. You burn the shock serpent.
The shock serpent is severely wounded.
You hit the naga mage. You burn the naga mage.
The naga mage hits you but does no damage.
* * * LOW HITPOINT WARNING * * *
The naga mage constricts you.
The shock serpent shoots out a bolt of lightning at you!
The bolt of electricity hits you.
* * * LOW HITPOINT WARNING * * *
The bolt of electricity hits you!!
You die...

#..........##............#
#..........##............#
####.##....##....#########
####'###...##....#########
#.....##...##............#
#.....##...##............#
#.....#######...##.......#
#.....#######...##.......#
####'###)@N##...##.......#
####.##..S)##...##.......#
#..........##...##.......#
#..........#######.......#
#..........#######.......#
#..........##...##.......#
#...........'...'........#
#..........##...##.......#
#..........#######.......#


You could see a shock serpent and a naga mage (fast, catching breath).

Vanquished Creatures
  Kirke (D:13)
  An orc warlord (Bailey)
  A stone giant (Orc:1)
  A dire elephant (D:15)
  A fire dragon (Lair:6)
  2 boulder beetles
  8 vault guards (D:13)
  4 naga warriors (Snake:1)
  The ghost of bjtr the Thaumaturge, a journeyman GnWr of Vehumet (D:11)
  5 hydras
  A catoblepas (Lair:4)
  An ice dragon (Lair:5)
  3 anacondas (Snake:1)
  4 centaur warriors
  2 two-headed ogres
  5 death yaks
  Urug (Lair:4)
  A death knight (D:15)
  The ghost of Foxy the Covert, a novice FoFi of Dithmenos (D:9)
  2 tengu warriors (D:15)
  2 ogre magi (Orc:2)
  A naga sharpshooter (Snake:1)
  Nergalle (Orc:2)
  A sea snake (Snake:1)
  3 unseen horrors
  Pikel (D:6)
  A lindwurm (Lair:6)
  3 orc knights
  A mana viper (Snake:1)
  9 orc sorcerers
  A deep elf mage (D:14)
  A necromancer (D:12)
  4 cyclopes
  An orb spider (shapeshifter) (D:15)
  18 ugly things
  3 manticores
  The ghost of handsome the Cutter, a novice OpFi (D:3)
  A salamander (Snake:1)
  A merfolk siren (Lair:3)
  12 black mambas
  20 elephants (Lair:6)
  2 guardian serpents (Snake:1)
  6 naga magi
  14 cane toads
  2 molten gargoyles (Lair:6)
  3 efreet
  Maggie (D:9)
  10 komodo dragons
  4 kobold demonologists
  A rime drake (shapeshifter) (D:9)
  A rime drake (Lair:6)
  A tengu conjurer (D:15)
  2 trolls
  3 polar bears
  2 merfolk
  2 hornets
  A queen bee (Lair:2)
  A meliai (D:13)
  Prince Ribbit (D:7)
  11 slime creatures
  15 blink frogs (Lair:6)
  3 shadows
  38 yaks
  A vampire (D:13)
  3 wraiths
  13 wyverns
  2 neqoxecs (D:9)
  5 basilisks
  A human (shapeshifter) (D:9)
  6 hogs (D:13)
  3 steam dragons
  A soldier ant (D:14)
  4 wargs
  9 nagas
  22 water moccasins
  4 hell hounds (Lair:6)
  7 black bears
  11 ice beasts
  25 orc warriors
  4 sky beasts
  An eye of draining (D:13)
  3 necrophages
  2 phantoms
  9 ogres
  15 wolves
  19 centaurs
  7 big kobolds
  21 bullfrogs
  2 wyvern skeletons
  8 scorpions
  28 killer bees
  A troll zombie (D:9)
  2 howler monkeys
  20 wights
  2 electric eels (Snake:1)
  2 bullfrog zombies (D:6)
  7 centaur zombies
  5 lava snakes (Lair:6)
  6 jellies
  10 hounds
  A quasit (D:7)
  14 orc priests
  4 centaur skeletons
  2 bullfrog skeletons (D:6)
  5 iguanas
  5 polar bear simulacra (D:12)
  4 worker ants
  12 hell rats (Lair:5)
  53 orc wizards
  4 yak simulacra (D:12)
  A wolf simulacrum (D:12)
  2 killer bee zombies
  5 ogre zombies (D:9)
  A hound zombie (D:6)
  5 hound skeletons
  Robin (D:2)
  2 howler monkey skeletons
  13 gnolls
  A river rat (shapeshifter) (D:14)
  15 adders
  A shadow imp (D:7)
  4 white imps
  2 dart slugs (D:1)
  4 worms
  4 leopard geckos
  107 orcs
  8 bats
  6 giant cockroaches
  21 goblins
  9 hobgoblins
  10 jackals
  41 kobolds
  3 quokkas
  3 frilled lizards (D:1)
  A giant cockroach zombie (D:6)
  A goblin skeleton (D:9)
  3 goblin zombies (D:9)
  5 hobgoblin zombies (D:9)
  2 jackal skeletons
  2 orc skeletons (D:9)
  8 orc zombies (D:9)
  2 quokka zombies
  8 rats
  A river rat simulacrum (D:12)
953 creatures vanquished.

Vanquished Creatures (collateral kills)
  A merfolk siren (Lair:3)
1 creature vanquished.

Vanquished Creatures (others)
  An orc (Orc:2)
  40 fungi
  50 plants
  11 withered plants
102 creatures vanquished.

Grand Total: 1056 creatures vanquished

Notes
Turn   | Place    | Note
-------+----------+-------------------------------------------
     0 | D:1      | sahdkjhfkaj the Hill Orc Transmuter began the quest for the
                  | Orb.
     0 | D:1      | Reached XP level 1. HP: 16/16 MP: 3/3
   112 | D:1      | Reached XP level 2. HP: 16/23 MP: 2/4
   899 | D:1      | Reached XP level 3. HP: 28/28 MP: 3/5
  1999 | D:2      | Noticed Robin
  2069 | D:2      | Killed Robin
  2071 | D:2      | Reached skill level 1 in Axes
  2084 | D:2      | Reached XP level 4. HP: 24/35 MP: 6/6
  2307 | D:2      | Learned a level 2 spell: Wereblood
  2703 | D:2      | Reached skill level 2 in Axes
  2975 | D:1      | Reached skill level 3 in Axes
  3171 | D:2      | Reached XP level 5. HP: 21/40 MP: 7/7
  3422 | D:2      | Reached skill level 4 in Axes
  4495 | D:2      | Reached skill level 5 in Axes
  4855 | D:3      | Reached XP level 6. HP: 34/47 MP: 8/8
  4967 | D:3      | Noticed a sky beast
  4969 | D:3      | Found a runed translucent gate.
  4970 | D:3      | Found a runed translucent gate.
  4975 | D:3      | Noticed handsome's ghost (novice OpFi)
  4990 | D:3      | Found a faded altar of an unknown god.
  5115 | D:3      | Found a runed translucent gate.
  5289 | D:3      | Reached skill level 6 in Axes
  5516 | D:4      | Found a blossoming altar of Fedhas.
  6069 | D:4      | Reached skill level 7 in Axes
  6301 | D:4      | Reached XP level 7. HP: 50/52 MP: 9/9
  6351 | D:4      | Reached skill level 8 in Axes
  6985 | D:4      | Found a hazy altar of Hepliaklqana.
  7195 | D:4      | Reached skill level 9 in Axes
  7542 | D:5      | Entered Level 5 of the Dungeon
  7566 | D:5      | Found a glowing golden altar of the Shining One.
  7696 | D:5      | Reached skill level 10 in Axes
  7895 | D:5      | Found a bloodstained altar of Trog.
  7986 | D:5      | Reached XP level 8. HP: 57/59 MP: 10/10
  8342 | D:6      | Reached skill level 11 in Axes
  8891 | D:6      | Noticed Pikel
  8912 | D:6      | Killed Pikel
  8913 | D:6      | Reached skill level 13 in Axes
  8913 | D:6      | Reached XP level 9. HP: 59/64 MP: 11/11
  9372 | D:6      | Reached skill level 14 in Axes
  9421 | D:6      | Reached skill level 1 in Shields
  9593 | D:6      | Reached skill level 1 in Invocations
  9790 | D:6      | Found an ornate altar of the Wu Jian Council.
  9913 | D:6      | Reached skill level 1 in Evocations
 10509 | D:7      | Reached skill level 1 in Throwing
 10750 | D:7      | Found a staircase to the Ecumenical Temple.
 10759 | Temple   | Entered the Ecumenical Temple
 10995 | Temple   | Became a worshipper of Warmaster Okawaru
 11193 | D:7      | Found a glowing silver altar of Zin.
 11366 | D:7      | Reached skill level 5 in Invocations
 11376 | D:7      | Reached * piety under Okawaru
 11377 | D:7      | Reached XP level 10. HP: 51/73 MP: 13/13
 11868 | D:7      | Noticed Prince Ribbit
 11878 | D:7      | Killed Prince Ribbit
 11879 | D:7      | Reached skill level 5 in Armour
 12190 | D:8      | Found a shimmering altar of Xom.
 12190 | D:8      | Found a shimmering altar of Xom.
 12190 | D:8      | Found a shimmering altar of Xom.
 12190 | D:8      | Found a shimmering altar of Xom.
 12192 | D:8      | Found a shimmering altar of Xom.
 12579 | D:8      | Found Otoergh's Gadget Shoppe.
 12654 | D:8      | Found a flagged portal.
 12680 | D:8      | Got an encrusted chain mail
 12690 | D:8      | Identified the +1 chain mail of Supple Strength {*Drain
                  | Will+++ Dex+4 Stlth+} (You found it on level 8 of the
                  | Dungeon)
 12704 | Bailey   | Entered a bailey
 12709 | Bailey   | Noticed an orc warlord
 12946 | Bailey   | Found a runed translucent gate.
 12948 | Bailey   | Found a runed translucent gate.
 12949 | Bailey   | Found a runed translucent gate.
 12958 | Bailey   | Reached ** piety under Okawaru
 13283 | Bailey   | Killed an orc warlord
 13283 | Bailey   | Reached *** piety under Okawaru
 13284 | Bailey   | Reached skill level 5 in Shields
 13392 | Bailey   | Identified the Compendium of Unstable Orientation
 13402 | Bailey   | Identified 2 scrolls of acquirement
 13402 | Bailey   | Acquired a +0 buckler of reflection
 13409 | Bailey   | Acquired a +2 helmet of see invisible
 13941 | D:8      | Found an ancient bone altar of Kikubaaqudgha.
 14120 | D:8      | Noticed a deep troll
 14298 | D:8      | Noticed a cane toad
 14346 | D:9      | You fall into a shaft and drop 3 floors!
 14367 | D:12     | Reached XP level 11. HP: 58/84 MP: 13/15
 14601 | D:11     | Reached skill level 5 in Evocations
 14742 | D:11     | Reached **** piety under Okawaru
 15016 | D:10     | Entered Level 10 of the Dungeon
 15132 | D:9      | Found a staircase to the Lair.
 15328 | D:9      | Found a staircase to the Orcish Mines.
 15676 | D:9      | Noticed Maggie
 15693 | D:9      | Killed Maggie
 16049 | D:9      | Found a shadowy altar of Dithmenos.
 16050 | D:9      | Found a stormy altar of Qazlal.
 16117 | D:9      | Found a runed translucent gate.
 16117 | D:9      | Found a runed translucent gate.
 16117 | D:9      | Found a runed translucent gate.
 16120 | D:9      | Noticed a white ugly thing
 16120 | D:9      | Noticed a purple ugly thing
 16121 | D:9      | Noticed a cyan ugly thing
 16179 | D:9      | Found a sacrificial altar of Ru.
 16299 | D:10     | Noticed an unseen horror
 16317 | D:10     | Killed an unseen horror
 16317 | D:10     | Reached ***** piety under Okawaru
 16426 | D:10     | Reached skill level 5 in Fighting
 16732 | D:10     | Noticed a two-headed ogre
 16750 | D:10     | Killed a two-headed ogre
 17017 | D:10     | Found Evatos's Antique Armour Shoppe.
 17284 | Lair:1   | Entered Level 1 of the Lair of Beasts
 17339 | Lair:1   | Received a gift from Okawaru
 17350 | Lair:1   | Identified a +1 pair of boots of running (Okawaru gifted it
                  | to you on level 1 of the Lair of Beasts)
 18063 | Lair:1   | Reached XP level 12. HP: 74/96 MP: 18/18
 19229 | D:8      | Bought a condenser vane for 600 gold pieces
 19947 | Lair:2   | Reached skill level 5 in Dodging
 21300 | Lair:3   | Received a gift from Okawaru
 21387 | Lair:3   | Found a staircase to the Shoals.
 21950 | Lair:3   | Received a gift from Okawaru
 21951 | Lair:3   | Reached skill level 15 in Axes
 22611 | Lair:3   | Noticed a five-headed hydra
 22626 | Lair:3   | Killed a five-headed hydra
 22796 | Lair:3   | Acquired a +0 kite shield of protection
 22842 | Lair:4   | Noticed a catoblepas
 22870 | Lair:4   | Killed a catoblepas
 23136 | Lair:4   | Noticed a seven-headed hydra
 23171 | Lair:4   | Killed a seven-headed hydra
 23309 | Lair:4   | Noticed a boulder beetle
 23314 | Lair:4   | You fall into a shaft and drop 2 floors!
 23314 | Lair:6   | Entered Level 6 of the Lair of Beasts
 23331 | Lair:6   | Reached XP level 13. HP: 87/105 MP: 14/19
 23929 | Lair:6   | Received a gift from Okawaru
 24033 | Lair:6   | Received a gift from Okawaru
 24088 | Lair:6   | Reached ****** piety under Okawaru
 24282 | Lair:6   | Received a gift from Okawaru
 24828 | Lair:6   | Reached skill level 16 in Axes
 25273 | Lair:6   | Found a viscous altar of Jiyva.
 25273 | Lair:6   | Found a staircase to the Slime Pits.
 25449 | Lair:6   | Reached skill level 10 in Invocations
 25462 | Lair:6   | Received a gift from Okawaru
 25995 | Lair:4   | Reached XP level 14. HP: 112/118 MP: 21/21
 26152 | Lair:4   | Reached skill level 10 in Evocations
 26299 | Lair:4   | Noticed Urug
 26331 | Lair:4   | Killed Urug
 26990 | Lair:4   | Found a staircase to the Snake Pit.
 28959 | Lair:4   | Received a gift from Okawaru
 29831 | Lair:6   | Reached skill level 10 in Fighting
 31375 | Lair:6   | Found a large runed translucent door.
 31375 | Lair:6   | Found a large runed translucent door.
 31993 | Orc:1    | Entered Level 1 of the Orcish Mines
 32838 | Orc:2    | Entered Level 2 of the Orcish Mines
 33696 | Orc:2    | Noticed a stone giant
 33749 | Orc:1    | Killed a stone giant
 33918 | Orc:2    | Found a roughly hewn altar of Beogh.
 33986 | Orc:2    | Found a staircase to the Elven Halls.
 34196 | Orc:2    | Found Cohile's Distillery.
 34421 | Orc:2    | Reached skill level 10 in Armour
 34421 | Orc:2    | Reached XP level 15. HP: 105/125 MP: 24/24
 34545 | Orc:2    | Received a gift from Okawaru
 34546 | Orc:2    | Found Biplell's Antique Weapon Boutique.
 34594 | Orc:2    | Got a crude broad axe {god gift}
 34594 | Orc:2    | Identified the +8 broad axe "Cysch" {flame, rC+} (Okawaru
                  | gifted it to you on level 2 of the Orcish Mines)
 34689 | Orc:2    | Found an ancient bone altar of Kikubaaqudgha.
 34689 | Orc:2    | Noticed Nergalle
 34703 | Orc:2    | Killed Nergalle
 34759 | Orc:2    | Found Tyfoelid's Magic Scroll Shop.
 34760 | Orc:2    | Found a roughly hewn altar of Beogh.
 34788 | Orc:2    | Found Oweos's Gadget Boutique.
 35050 | Orc:2    | Found a radiant altar of Vehumet.
 35073 | Orc:2    | Found Damagyt's Book Shop.
 35083 | Orc:2    | Learned a level 1 spell: Apportation
 35552 | D:11     | Found a runed translucent gate.
 35553 | D:11     | Found a runed translucent gate.
 35554 | D:11     | Found a runed translucent gate.
 35556 | D:11     | Noticed bjtr's ghost (journeyman GnWr)
 35581 | D:11     | Killed bjtr's ghost
 35581 | D:11     | Received a gift from Okawaru
 35992 | D:3      | Killed handsome's ghost
 36501 | D:9      | Found a runed translucent gate.
 36501 | D:9      | Found a runed translucent gate.
 36505 | D:9      | Found a runed translucent gate.
 36511 | D:9      | Noticed Foxy's ghost (novice FoFi)
 36522 | D:9      | Killed Foxy's ghost
 36904 | D:11     | Received a gift from Okawaru
 37062 | D:11     | Found a sparkling altar of Nemelex Xobeh.
 37696 | D:12     | Reached skill level 17 in Axes
 37972 | D:13     | Found a shadowy altar of Dithmenos.
 38416 | D:13     | Found a gate to the Vaults.
 38453 | D:13     | Reached skill level 18 in Axes
 38800 | D:13     | Received a gift from Okawaru
 38847 | D:13     | Noticed Kirke
 38856 | D:13     | Noticed a sphinx
 38860 | D:13     | Killed Kirke
 39719 | D:14     | Reached skill level 19 in Axes
 39731 | D:14     | Reached XP level 16. HP: 128/137 MP: 25/25
 39912 | D:14     | Found Toad's Jewellery Emporium.
 39926 | D:14     | Reached skill level 10 in Shields
 40001 | D:14     | Received a gift from Okawaru
 40203 | D:14     | Found an opulent altar of Gozag.
 40382 | D:15     | Entered Level 15 of the Dungeon
 40709 | D:15     | Found Huxkuoth's General Store.
 41160 | D:15     | Received a gift from Okawaru
 41170 | D:15     | Received a gift from Okawaru
 41655 | D:15     | Found a staircase to the Depths.
 41794 | D:15     | Learned a level 5 spell: Borgnjor's Vile Clutch
 42183 | Snake:1  | Entered Level 1 of the Snake Pit
 42795 | Snake:1  | Received a gift from Okawaru
 43112 | Snake:1  | Reached skill level 20 in Axes
 43968 | Snake:1  | Killed from afar by a shock serpent

Illustrated notes

Levels and vault maps discovered:
D:1:      dpeg_arrival_morbid_curiosity, layout_basic
D:2:      kennysheep_six_static_rooms, layout_loops_ring, uniq_robin
D:3:      layout_basic, chequers_ecumenical_altar_simple_redux,
          gammafunk_ghost_split
D:4:      wad_river_or_something, layout_layer_cave, kennysheep_mini,
          general_overflow_altar
D:5:      layout_basic, kennysheep_little_box, tso_altar,
          kennysheep_generic_room_13
D:6:      layout_loops_ring, overflow_temple_1_default, serial_undead,
          serial_undead_d, serial_undead_f, serial_undead_b, serial_undead_e,
          uniq_pikel
D:7:      layout_basic, minmay_temple_entry_waves, lemuel_centaur_altar,
          uniq_prince_ribbit1
D:8:      layout_loops_ring, xom_shifter_show, kiku_gazebo_garden_becter,
          serial_shops, shop, enter_bailey_5
D:9:      layout_basic, gammafunk_temple_overflow_statue, dpeg_oklobed_lair,
          zombieorc1_lemuel, ploomutoo_gammafunk_ghost_potion_laboratory,
          nicolae_ru_path_of_blood, uniq_maggie
D:10:     layout_rooms, serial_shops, nicolae_shop_stone,
          hangedman_abyss_or_decor_lesser_grid,
          minmay_fractal_squares_diagonal_5
D:11:     layout_loops_ring, gammafunk_ghost_hydra_chop,
          nemelex_diamond_rough_becter
D:12:     layout_big_octagon, portal_ice_cave_entry_ice_beasts,
          kennysheep_small_spiral, amcnicky_mini_pool_small,
          eino_house_with_fridge
D:13:     layout_long_grid, erik_vaults_2, moated_statue, grunt_ministairs_1,
          nicolae_dithmenos_the_darkroom, uniq_kirke
D:14:     layout_rooms, serial_shops, shop, serial_park_square3
          [serial_park_minivault_5x5_6], grunt_gozag_statues
D:15:     hangedman_depths_entry_try_elsewhere_first, layout_rooms,
          serial_shops, nicolae_shop_temple_entry_statues_fountains, hex_medium
Temple:   cyrus_circular_temple
Lair:1:   layout_loops_ring
Lair:2:   layout_gridlike, special_room [special_room_bee]
Lair:3:   layout_cave_pods, elwin_shoals_entry_stream,
          chequers_serial_rivers_small_3
Lair:4:   layout_regular_city, minmay_snake_entry_guardpost_medium,
          columned_hall_lemuel, uniq_urug
Lair:5:   layout_cave_pods, serial_bayou_pond_c, nicolae_quartered_pool_super,
          chequers_serial_rivers_small_3, bobbens_ice_dragon_lair,
          minmay_lair_oklob_chamber
Lair:6:   cheibrodos_lair_end_hotspot, layout_long_grid, slime_altar_1
Snake:1:  layout_grid_maze, nrook_guardian_serpent_ordinary,
          serial_bayou_shore_a
Snake:2:  layout_onion_interference, serial_shops, shop_fountains, shop,
          nicolae_shop_waterfront, shop
Orc:1:    layout_diamond_mine, guppyfry_library_mini
Orc:2:    kennysheep_orc_mage_school, layout_caves, basic_altar, serial_shops,
          shop

Skill      XL: |  1  2  3  4  5  6  7  8  9 10 11 12 13 14 15 16 |
---------------+-------------------------------------------------+-----
Transmutations | 2 3 |  3.0
Axes           | 1 3 5 7 10 13 14 15 16 19 20 | 20.4
Shields        | 4 5 6 7 8 9 10 | 10.0
Invocations    | 5 6 8 10 12 | 12.0
Armour         | 3 6 7 9 10 11 | 11.0
Evocations     | 1 4 6 8 9 11 12 | 12.0
Dodging        | 2 3 4 5 6 7 8 |  8.0
Throwing       | 1 3 4 |  4.0
Fighting       | 2 4 6 7 9 10 11 | 11.0
Unarmed Combat | |  3.2
Spellcasting   | |  1.5

Action                   |  1- 3 |  4- 6 |  7- 9 | 10-12 | 13-15 | 16-18 || total
-------------------------+-------+-------+-------+-------+-------+-------++-------
Melee: Unarmed           |   133 |   407 |       |       |       |       ||   540
       Kick              |     6 |       |       |     5 |       |       ||    11
       Headbutt          |     3 |       |       |     5 |       |       ||     8
       Punch             |       |     4 |     8 |     2 |       |       ||    14
       Hand axe          |       |    24 |   484 |       |     9 |       ||   517
       War axe           |       |       |    77 |   944 |   826 |       ||  1847
       Spear             |       |       |       |    25 |       |       ||    25
       Broad axe         |       |       |       |       |   717 |   373 ||  1090
Throw: Boomerang         |       |       |       |       |    49 |       ||    49
       Javelin           |       |       |       |       |     5 |       ||     5
 Cast: Beastly Appendage |    19 |       |       |     1 |       |       ||    20
       Wereblood         |       |       |       |     1 |       |       ||     1
Invok: Heroism           |       |       |       |     2 |     3 |       ||     5
       Finesse           |       |       |       |     1 |     2 |       ||     3
Evoke: Wand              |       |       |       |    11 |    21 |     1 ||    33
       Condenser vane    |       |       |       |     1 |     1 |     1 ||     3
       Tin of tremorston |       |       |       |       |     3 |       ||     3
  Use: Scroll            |     3 |     3 |     4 |     8 |    14 |     2 ||    34
       Potion            |       |       |       |     3 |     5 |       ||     8
Armor: Robe              |    11 |       |       |       |       |       ||    11
       Chain mail        |    33 |   333 |   233 |   487 |   607 |   113 ||  1806
       Plate armour      |       |       |    61 |    63 |       |       ||   124
       Skin              |       |       |       |       |    27 |       ||    27
Dodge: Dodged            |    76 |   149 |   138 |   513 |   477 |   137 ||  1490
       Repelled          |       |       |       |       |     7 |     7 ||    14
Block: Buckler           |       |       |       |   210 |       |       ||   210
       Reflection        |       |       |       |    14 |       |       ||    14
       Kite shield       |       |       |       |    27 |   765 |   205 ||   997

Table legend: (Time is in decaauts)
 A = Elapsed time spent in this place.
 B = Non-inter-level travel time spent in this place.
 C = Inter-level travel time spent in this place.
 D = Time resting spent in this place.
 E = Time spent auto-exploring this place.
 F = Levels seen in this place.
 G = Mean time per level.
                   A        B        C        D        E       F      G
               +--------+--------+--------+--------+--------+-----+--------+
         Total |  42217 |  39499 |   2718 |   4187 |  28939 |  27 | 1563.6 |
       Dungeon |  22781 |  21203 |   1578 |   2291 |  15339 |  15 | 1518.7 |
        Temple |    245 |    229 |     16 |      0 |    227 |   1 |  245.0 |
          Lair |  13667 |  12805 |    862 |   1708 |   9200 |   6 | 2277.8 |
     Snake Pit |   1689 |   1649 |     40 |      0 |   1440 |   2 |  844.5 |
  Orcish Mines |   3108 |   2888 |    220 |    141 |   2173 |   2 | 1554.0 |
        Bailey |    723 |    723 |      0 |     46 |    558 |   1 |  723.0 |
               +--------+--------+--------+--------+--------+-----+--------+

Top non-repeatable levels by time:
  Lair:6: 4192 daAuts
  Lair:2: 2805 daAuts
     D:2: 2694 daAuts
  Lair:5: 2105 daAuts
     D:4: 1888 daAuts
  Lair:4: 1886 daAuts
     D:9: 1867 daAuts
     D:1: 1839 daAuts
     D:7: 1804 daAuts
    D:13: 1796 daAuts
     D:6: 1788 daAuts
 Snake:1: 1677 daAuts
   Orc:2: 1558 daAuts
   Orc:1: 1550 daAuts
    D:15: 1530 daAuts
